 Dungeon Sprint DCSS version 0.30.1-4-g462c640d31 (webtiles) character file.

Game seed: 5049491731741472324

9412 Heoruswealwe the Ninja (level 11, -5/48 HPs)
             Began as a Spriggan Artificer on Aug 29, 2023.
             Was a High Priest of Sif Muna.
             Slain by a demonic crawler (11 damage)
             ... in the Dungeon (Sprint I: "Red Sonja").
             The game lasted 00:25:49 (1533 turns).

Heoruswealwe the Ninja (Spriggan Artificer)         Turns: 1533, Time: 00:25:51

Health: -5/48      AC:  2    Str:  8    XL:     11   Next: 22%
Magic:  19/19      EV: 29    Int: 18    God:    Sif Muna [*****.]
Gold:   1388       SH:  0    Dex: 15    Spells: 19/19 levels left

rFire   . . .        a - +2 rapier
rCold   . . .        (no shield)
rNeg    . . .        c - +0 robe
rPois   .            (helmet restricted)
rElec   .            (no cloak)
rCorr   .            (gloves unavailable)
SInv    +            (boots unavailable)
Will    +....        (no amulet)
Stlth   +++++++++    (no ring)
HPRegen 0.28/turn    (no ring)
MPRegen 0.16/turn

%: no teleportation
@: very quick
A: very small, no large weapons, unfitting armour, see invisible, speed 3
a: Renounce Religion, Channel Magic, Forget Spell, Divine Exegesis


You were in the Dungeon.
You worshipped Sif Muna.
Sif Muna was extremely pleased with you.
You visited 1 branch You collected 2719 gold pieces.
You spent 1299 gold pieces at shops.
You donated 32 gold pieces to Zin.

Inventory:

Hand Weapons
 a - a +2 rapier (weapon)
Armour
 c - a +0 robe (worn)
Wands
 b - a wand of flame (10) (quivered)
 d - a wand of charming (15)
 l - a wand of mindburst (7)
 o - a wand of paralysis (2)
Scrolls
 k - 2 scrolls of blinking
 m - 2 scrolls of poison
 q - a scroll of enchant armour
 s - 2 scrolls of immolation
 u - a scroll of fear
 x - a scroll of fog
Potions
 f - 4 potions of curing
 g - a potion of heal wounds
 h - a potion of haste
 i - 2 potions of magic
 j - a potion of berserk rage
 t - a potion of flight
 v - a potion of brilliance {unknown}
 w - a potion of lignification {unknown}


   Skills:
 - Level 0.7 Fighting
 + Level 18.2 Dodging
 O Level 27 Stealth
 * Level 4.8 Spellcasting
 * Level 19.1 Evocations


You had 19 spell levels left.
You didn't know any spells.
Your spell library contained the following spells:

 Spells                   Type           Power      Damage    Failure   Level
 Call Imp                 Summ           8%         N/A       21%         2
 Lesser Beckoning         Tloc           8%         N/A       21%         2
 Call Canine Familiar     Summ           4%         N/A       38%         3
 Gell's Gravitas          Tloc           4%         N/A       38%         3
 Ignite Poison            Fire/Tmut/Pois 4%         N/A       38%         3
 Summon Guardian Golem    Hex/Summ       4%         N/A       38%         3
 Teleport Other           Tloc           4%         N/A       38%         3
 Vhi's Electric Charge    Tloc/Air       8%         N/A       38%         3
 Sticky Flame             Conj/Fire      4%         2d3       80%         4
 Freezing Cloud           Conj/Ice/Air   2%         6-21      98%         5
 Summon Mana Viper        Hex/Summ       4%         N/A       98%         5
 Plasma Beam              Fire/Air       2%         2x1d13    100%        6
 Dragon's Call            Summ           2%         N/A       100%        9


Dungeon Overview and Level Annotations

Branches:
Dungeon (1/1)

Altars:
Cheibriados
Dithmenos
Elyvilon
Fedhas
Gozag
Hepliaklqana
Kikubaaqudgha
Makhleb
Nemelex Xobeh
Okawaru
Qazlal
Ru
Sif Muna
Trog
Uskayaw
Vehumet
Wu Jian
Xom
Yredelemnul
Zin
The Shining One
Jiyva
Lugonu

Shops:
D *(=[[?[==(:([[(*[**[(


Innate Abilities, Weirdness & Mutations

You are very small and have problems with some larger weapons.
You are too small for most types of armour.
You have supernaturally acute eyesight. (SInv)
You cover ground extremely quickly. (Speed+++)


Message History

Aiming: Iceblast
Press: ? - help, Shift-Dir - straight line, f/p - demonic crawler
Aim: a demonic crawler The mass of ice explodes!
The iceblast engulfs the demonic crawler!!
The demonic crawler is heavily wounded.
The iceblast engulfs the demonic crawler!!
The demonic crawler is heavily wounded.
The iceblast engulfs the demonic crawler!!
The demonic crawler is heavily wounded.
The demonic crawler hits you!
The demonic crawler completely misses you.
The demonic crawler hits you!
There is an open door here.
Aiming: Iceblast
Press: ? - help, Shift-Dir - straight line, f/p - demonic crawler
Aim: a demonic crawler (lightly wounded)
The mass of ice explodes!
The iceblast engulfs the demonic crawler!
The demonic crawler is moderately wounded.
The iceblast engulfs the demonic crawler!!
The demonic crawler is moderately wounded.
The now-empty wand crumbles to dust.
There is an open door here.
There is an open door here.
Aiming: Mindburst
Press: ? - help, Shift-Dir - straight line, f/p - demonic crawler
Aim: a demonic crawler (chance to affect: 80%)
The demonic crawler's mind is blasted!!!
The demonic crawler misses you.
The demonic crawler completely misses you.
The demonic crawler closely misses you.
Aiming: Mindburst
Press: ? - help, Shift-Dir - straight line, f/p - demonic crawler
Aim: a demonic crawler (heavily wounded, chance to affect: 80%)
The demonic crawler barely resists.
The demonic crawler hits you!!
* * * LOW HITPOINT WARNING * * *
The demonic crawler completely misses you.
The demonic crawler hits you!
You die...

##########################
#<.#..'..#.)'..#__#..'.).#
#..'))#..'..#.s'.s'..#)..##+#
#..#####'#####s#__####...'..#
#..####..#...#@####§§#####..+
#..#__####..##.#§§§§§#..# +##
#..#_____##'#_.+~§§§§+..#
#⌠⌠#_.∩...'..._#~§§.§#..#
####_..__##_.#'##+#####'###
#_____###'#(#(..(###.+.#
############.####'###[###.#
#∩........'...'.....')∩##.#
###''''####.).###########.#


You could see 2 demonic crawlers.

Vanquished Creatures
  2 centaur warriors (D)
  Sonja (D)
  A deep troll (D)
  An oklob plant (D)
  8 shining eyes (D)
  A demonic crawler (D)
  2 unseen horrors (D)
  2 kobold demonologists (D)
  A hornet (D)
  Sigmund (D)
  A slime creature (D)
  A yak (D)
  2 redbacks (D)
  6 floating eyes (D)
  An ogre (D)
  7 necrophages (D)
  8 jellies (D)
  Ijyb (D)
  A ballistomycete spore (D)
48 creatures vanquished.

Vanquished Creatures (others)
  A ballistomycete spore (D)
1 creature vanquished.

Grand Total: 49 creatures vanquished

Notes
Turn   | Place    | Note
-------+----------+-------------------------------------------
     0 | D        | Heoruswealwe the Spriggan Artificer began the quest for the
                  | Orb.
     0 | D        | Reached XP level 1. HP: 9/9 MP: 2/2
     1 | D        | Noticed Ijyb
     3 | D        | Killed Ijyb
     4 | D        | Reached skill level 5 in Dodging
     4 | D        | Reached XP level 2. HP: 14/14 MP: 3/3
    11 | D        | Noticed an ogre
    20 | D        | Killed an ogre
    21 | D        | Reached skill level 7 in Stealth
    21 | D        | Reached XP level 3. HP: 17/17 MP: 4/4
    21 | D        | Reached XP level 4. HP: 21/21 MP: 5/5
    34 | D        | Noticed Sigmund
    38 | D        | Killed Sigmund
    39 | D        | Reached skill level 12 in Stealth
    39 | D        | Reached skill level 10 in Evocations
    39 | D        | Reached XP level 5. HP: 20/25 MP: 6/6
    39 | D        | Reached XP level 6. HP: 23/29 MP: 7/7
    63 | D        | Found an ornate altar of the Wu Jian Council.
    63 | D        | Found a shimmering blue altar of Sif Muna.
    65 | D        | Found a radiant altar of Vehumet.
    72 | D        | Got the Information on Collective Weather
    99 | D        | Found Kuzoleiv's Antique Armour Emporium.
    99 | D        | Found an ancient bone altar of Kikubaaqudgha.
    99 | D        | Found a hazy altar of Hepliaklqana.
    99 | D        | Found a stormy altar of Qazlal.
    99 | D        | Found a hide-covered altar of Uskayaw.
    99 | D        | Found a blossoming altar of Fedhas.
    99 | D        | Found a bloodstained altar of Trog.
    99 | D        | Found an iron altar of Okawaru.
    99 | D        | Found a basalt altar of Yredelemnul.
    99 | D        | Found a glowing golden altar of the Shining One.
    99 | D        | Found a snail-covered altar of Cheibriados.
    99 | D        | Found a sacrificial altar of Ru.
    99 | D        | Found a glowing silver altar of Zin.
    99 | D        | Found a shadowy altar of Dithmenos.
    99 | D        | Found a white marble altar of Elyvilon.
    99 | D        | Noticed a yak
   100 | D        | Found an opulent altar of Gozag.
   107 | D        | Killed a yak
   108 | D        | Reached skill level 10 in Dodging
   108 | D        | Reached skill level 14 in Stealth
   113 | D        | Found a sparkling altar of Nemelex Xobeh.
   118 | D        | Became a worshipper of Zin the Law-Giver
   118 | D        | Reached * piety under Zin
   118 | D        | Reached ** piety under Zin
   118 | D        | Reached *** piety under Zin
   118 | D        | Reached **** piety under Zin
   118 | D        | Reached ***** piety under Zin
   118 | D        | Reached ****** piety under Zin
   127 | D        | Noticed Sonja
   131 | D        | Killed Sonja
   132 | D        | Reached skill level 17 in Stealth
   132 | D        | Reached XP level 7. HP: 32/32 MP: 8/8
   147 | D        | Found Wuduo's General Store.
   155 | D        | Bought a scroll of identify for 22 gold pieces
   155 | D        | Bought a wand of paralysis (3) for 79 gold pieces
   157 | D        | Noticed a shining eye
   157 | D        | Noticed a shining eye
   157 | D        | Noticed a shining eye
   157 | D        | Noticed a shining eye
   157 | D        | Noticed a shining eye
   157 | D        | Noticed a shining eye
   160 | D        | Reached XP level 8. HP: 37/37 MP: 9/9
   160 | D        | Noticed a shining eye
   160 | D        | Noticed a shining eye
   163 | D        | Reached skill level 18 in Stealth
   165 | D        | Paralysed by a floating eye for 4 turns
   174 | D        | Paralysed by a floating eye for 3 turns
   178 | D        | Paralysed by a floating eye for 4 turns
   189 | D        | Killed a shining eye
   190 | D        | Reached skill level 20 in Stealth
   192 | D        | Killed a shining eye
   193 | D        | Reached XP level 9. HP: 40/40 MP: 10/10
   291 | D        | Killed a shining eye
   292 | D        | Reached skill level 21 in Stealth
   292 | D        | Reached skill level 15 in Evocations
   390 | D        | Killed a shining eye
   391 | D        | Reached skill level 22 in Stealth
   488 | D        | Killed a shining eye
   489 | D        | Reached skill level 15 in Dodging
   550 | D        | Killed a shining eye
   551 | D        | Reached skill level 23 in Stealth
   640 | D        | Killed a shining eye
   641 | D        | Reached XP level 10. HP: 44/44 MP: 11/11
   735 | D        | Killed a shining eye
   736 | D        | Reached skill level 24 in Stealth
   790 | D        | Fell from the grace of Zin
   790 | D        | Became a worshipper of Sif Muna the Loreminder
   890 | D        | Found Yfisk's Weapon Shoppe.
   890 | D        | Found Qomoceun's Armour Shop.
   890 | D        | Found Yroth's Jewellery Emporium.
   890 | D        | Found Unkugoc's Magic Scroll Boutique.
   894 | D        | Bought a +0 rapier for 44 gold pieces
   934 | D        | Noticed a deep troll
   936 | D        | Killed a deep troll
   949 | D        | Found Caomino Toept's Armour Emporium.
   985 | D        | Found a burning altar of Makhleb.
   985 | D        | Found a viscous altar of Jiyva.
   985 | D        | Found a shimmering altar of Xom.
   985 | D        | Found a corrupted altar of Lugonu.
  1030 | D        | Bought a scroll of acquirement for 624 gold pieces
  1064 | D        | Reached * piety under Sif Muna
  1067 | D        | Noticed an orange demon
  1068 | D        | Reached skill level 25 in Stealth
  1088 | D        | Noticed a centaur warrior
  1088 | D        | Noticed a centaur warrior
  1095 | D        | Killed a centaur warrior
  1095 | D        | Reached ** piety under Sif Muna
  1097 | D        | Killed a centaur warrior
  1098 | D        | Reached skill level 26 in Stealth
  1120 | D        | Noticed an oklob plant
  1122 | D        | Killed an oklob plant
  1132 | D        | Reached *** piety under Sif Muna
  1136 | D        | Reached XP level 11. HP: 48/48 MP: 12/12
  1174 | D        | Reached skill level 27 in Stealth
  1176 | D        | Reached **** piety under Sif Muna
  1253 | D        | Reached ***** piety under Sif Muna
  1260 | D        | Received a gift from Sif Muna
  1268 | D        | Identified the +5 shortbow "Ystroaf" {freeze, *Corrode rC+
                  | Dex+3}
  1284 | D        | Got Ucoott's Octavo of the United Pyre {god gift}
  1297 | D        | Found Netin's Jewellery Shoppe.
  1297 | D        | Found Xypuofis's Armour Shop.
  1297 | D        | Found Hax Juub's Jewellery Boutique.
  1303 | D        | Found Vergh's Assorted Antiques.
  1303 | D        | Found Eniach's Weapon Emporium.
  1303 | D        | Found Boppor's Assorted Antiques.
  1305 | D        | Found Ejaoqol's Armour Boutique.
  1305 | D        | Found Ahoymur's General Store.
  1305 | D        | Found Soskyokh's Weapon Shop.
  1305 | D        | Found Guinac's Armour Emporium.
  1305 | D        | Found Egavvat's Antique Armour Boutique.
  1305 | D        | Found Nuarisk Jykh's Weapon Shoppe.
  1305 | D        | Found Xyilal's Book Shop.
  1308 | D        | Bought a grey potion for 22 gold pieces
  1308 | D        | Bought a scroll labelled UDACEKHL BIENWI for 25 gold pieces
  1308 | D        | Bought a black potion for 22 gold pieces
  1308 | D        | Bought a scroll labelled VOROIPUERO for 25 gold pieces
  1309 | D        | Bought a fizzy silvery potion for 20 gold pieces
  1309 | D        | Bought a scroll labelled DAASYHA VAUJ for 23 gold pieces
  1309 | D        | Bought a scroll labelled GAUMEU PEGYSS for 23 gold pieces
  1309 | D        | Found Lyrymu's Antique Weapon Emporium.
  1325 | D        | Acquired 1017 gold pieces
  1336 | D        | Bought a scroll of identify for 24 gold pieces
  1342 | D        | Bought a scroll of identify for 50 gold pieces
  1343 | D        | Bought a scroll of identify for 46 gold pieces
  1343 | D        | Bought a scroll of identify for 46 gold pieces
  1474 | D        | Bought a scroll of identify for 24 gold pieces
  1474 | D        | Bought a scroll of enchant weapon for 90 gold pieces
  1474 | D        | Bought a scroll of enchant weapon for 90 gold pieces
  1533 | D        | Slain by a demonic crawler

Illustrated notes

Levels and vault maps discovered:
D:        dungeon_sprint_1 [red_sonja_temple_1, red_sonja_temple_small_1]

Skill      XL: |  1  2  3  4  5  6  7  8  9 10 11 |
---------------+----------------------------------+-----
Dodging        | 5 7 9 11 12 13 15 17 18 | 18.2
Evocations     | 7 8 10 12 13 14 16 18 19 | 19.1
Stealth        | 7 12 17 20 23 26 27 | 27.0
Spellcasting   | 4 |  4.8
Fighting       | |  0.7

Action                     |  1- 3 |  4- 6 |  7- 9 | 10-12 || total
---------------------------+-------+-------+-------+-------++-------
  Melee: Dagger            |     1 |     3 |   436 |    95 ||   535
         Punch             |       |       |     4 |     6 ||    10
         Rapier            |       |       |       |    23 ||    23
  Evoke: Wand              |     4 |     3 |       |    16 ||    23
    Use: Scroll            |       |       |       |    10 ||    10
   Stab: Sleeping          |     1 |     3 |     5 |    23 ||    32
 Armour: Robe              |       |       |       |     1 ||     1
  Dodge: Dodged            |     1 |     2 |       |    34 ||    37
